woodfighter, neutral female gnomish Archeologist ----- .M.| |@--- V |.e.| ---.|.| |...| | ----------|.---i |...*.....|.| ------|.........|.| |.....-....<*...|.| |.----|......*^.|%--- |.|...|...%.*.^.|...| ---.|.|.|------------.| |...|.|.|.............| |.---.|.|--.----------- |.....|.|...| |...---.|.--- |.........| ----------- woodfighter the Investigator Experience level: 9 Strength: 13 Dexterity: 14 Constitution: 13 Intelligence: 14 Wisdom: 17 Charisma: 10 Health: 0(60) Energy: 52(52) Def: 13 Gold: 0 Moves: 6900 Dungeon seed: CNxYH51INppup4-1 Game ID: woodfighter_1558903056 Your Inventory: Amulets l - the blessed rustproof Eye of the Aethiopica (being worn) Weapons a - a blessed +3 dagger named Dagger of Fable (weapon in hand) t - a +0 crossbow (alternate weapon; not wielded) P - 5 blessed +0 crossbow bolts (in quiver) R - 11 blessed +1 crossbow bolts Armor r - an uncursed +0 small shield (being worn) w - an uncursed +0 pair of leather gloves x - an uncursed +0 pair of speed boots (being worn) z - an uncursed +0 cloak of invisibility (being worn) N - an uncursed +0 pair of gauntlets of dexterity (being worn) X - a blessed +1 elven mithril-coat (being worn) Rings p - an uncursed ring of see invisible (on left hand) Wands d - a wand of lightning (0:0) g - a wand of digging (0:5) k - a wand of fire (0:8) D - a wand of magic missile (0:6) Tools b - an uncursed stethoscope i - a cursed brass lantern (0:1283) o - a blessed oil lamp (lit) (0:206) s - a blessed bag of holding y - an uncursed skeleton key W - an uncursed towel Gems q - an uncursed touchstone Contents of the bag of holding: 273 gold pieces 9 blessed [+0] crossbow bolts 7 blessed [+3] crossbow bolts 11 [uncursed] [+0] crossbow bolts an uncursed [+0] long sword named Vorpal Blade a [uncursed] [+0] elven shield an uncursed +1 mummy wrapping an uncursed eucalyptus leaf 4 uncursed food rations an uncursed sprig of wolfsbane 2 [uncursed] scrolls of confuse monster a [cursed] scroll of genocide a [uncursed] scroll of genocide a [cursed] scroll of gold detection a [uncursed] scroll of light a [cursed] scroll of teleportation a [uncursed] spellbook of light a [uncursed] potion of booze 2 [uncursed] potions of gain ability 2 [uncursed] potions of hallucination a [uncursed] potion of healing a [uncursed] potion of monster detection a [uncursed] potion of sickness a +0 pick-axe a [uncursed] tallow candle [0:200] a [uncursed] amethyst 2 [uncursed] diamonds 2 [uncursed] emeralds Spells and supernatural/magical abilities: Name Level Category Fail Memory W - pray for help -- divine ? -- Your skills at the end: Miscellaneous Skills shield [Basic] wands [Basic] Weapon Skills dagger [Basic] pick-axe [Basic] crossbow [Basic] boomerang [Basic] whip [Basic] Spellcasting Skills Final Attributes: You were fervently aligned. You were poison resistant. You were magic-protected. You saw invisible. You were telepathic. You had infravision. You were invisible to others. You were somewhat stealthy. You were protected. You were very fast. You are dead. Vanquished creatures: a green dragon a vampire lord 2 giant mimics a large mimic a small mimic a warhorse a pyrolisk a flaming sphere a gargoyle an ettin zombie 2 giant beetles a winter wolf cub a panther 2 leprechauns 2 quivering blobs 2 giant spiders a dwarf mummy 3 ogres a Green-elf a gold golem 2 dogs a housecat 2 jaguars a gnome mummy 7 human zombies a rope golem a soldier ant a baby crocodile 3 wood nymphs 7 Mordor orcs 8 Uruk-hai 2 rock piercers 2 shriekers a gnome lord 2 kobold mummies a gray ooze a ghoul 2 paper golems 6 giant ants a kitten 7 dwarves a homunculus 4 iguanas 5 rothes 3 rabid rats a centipede 2 jitterbugs 4 giant bats 2 monkeys an orc zombie 8 dwarf zombies 11 killer bees 6 coyotes 2 gas spores 9 hobbits 5 large kobolds 6 geckos 3 hobgoblins a giant rat 9 cave spiders 4 brown molds a yellow mold 4 red molds 8 gnomes 5 garter snakes 3 gnome zombies 5 jackals a fox 3 kobolds 12 newts 13 goblins 10 sewer rats 12 grid bugs 9 bats 9 lichens 5 kobold zombies 273 creatures vanquished. Voluntary challenges: You did not cause conflict. You did not have reflection. You used a wielded weapon 513 times, starting on turn 56. You did not apply a unicorn horn. You did not use plumbed fixtures. You did not drink any magical draughts. You read items or engraved 4 times, starting on turn 1456. You never genocided any monsters. You never polymorphed an object. You never changed form. You completed Sokoban on turn 3178, according to the rules. You used 1 wish, starting on turn 1649. You wished for your your first artifact on turn 1649. You never split a pudding. You never wrote Elbereth's name. You violated your moral code, losing 6 points of alignment, starting on turn 1006. Dungeon overview: The Dungeons of Doom: levels 1 to 7 Level 1 a long staircase Level 2 an armor shop, a fountain, a sink stairs to The Gnomish Mines Level 3 (boxes) Level 4 (water + box) a fountain Level 5 (box) many fountains Level 6 a general store, a fountain stairs to Sokoban Level 7 The Gnomish Mines: levels 3 to 11 Level 3 stairs to The Dungeons of Doom Level 4 Level 5 (black unicorn) Level 6 many shops, a temple to Huhetotl, a magic chest, some fountains, a sink Level 7 Level 8 Level 9 Level 10 Level 11 <- You were here Sokoban: levels 2 to 5 Level 2 a magic chest Level 3 Level 4 Level 5 an altar to Camaxtli, a magic chest stairs to The Dungeons of Doom History has recorded: On T:1 you entered the Dungeons of Doom to retrieve the Amulet of Yendor! On T:19 you reached level 2 of The Dungeons of Doom. On T:352 you advanced to experience level 2. On T:359 you reached level 1 of The Gnomish Mines. On T:374 you reached level 3 of The Dungeons of Doom. On T:591 you advanced to experience level 3. On T:725 you reached level 4 of The Dungeons of Doom. On T:830 you reached level 5 of The Dungeons of Doom. On T:861 you advanced to experience level 4. On T:963 you reached level 6 of The Dungeons of Doom. On T:1010 you advanced to experience level 5. On T:1018 you prayed to Camaxtli. On T:1144 you advanced to experience level 6. On T:1154 you reached level 7 of The Dungeons of Doom. On T:1276 you prayed to Camaxtli. On T:1380 you reached level 4 of Sokoban. On T:1455 you opened a magic chest. On T:1649 you wished for "blessed fixed the eye of the aethiopica". On T:1818 you reached level 3 of Sokoban. On T:1999 you reached level 2 of Sokoban. On T:2203 you reached level 1 of Sokoban. On T:2293 you advanced to experience level 7. On T:3178 you advanced to experience level 8. On T:3178 you entered the Sokoban zoo. On T:3241 you prayed to Camaxtli. On T:4456 you reached level 2 of The Gnomish Mines. On T:4548 you reached level 3 of The Gnomish Mines. On T:4781 you reached level 4 of The Gnomish Mines. On T:5035 you entered the Minetown temple On T:5344 you reached level 5 of The Gnomish Mines. On T:5570 you reached level 6 of The Gnomish Mines. On T:5600 you advanced to experience level 9. On T:5981 you reached level 7 of The Gnomish Mines. On T:6171 you reached level 8 of The Gnomish Mines. On T:6596 you reached level 9 of The Gnomish Mines. On T:6596 you reached the bottom of the Mines. On T:6716 you prayed to Camaxtli. On T:6899 you prayed to Camaxtli. Score breakdown: Gold: 273 ( 27 points) Experience: 9 levels ( 800 points) Exploration: 11 levels ( 300 points) Discoveries: 53 items ( 2000 points) Variety of kills: 76 monsters ( 2000 points) Major goal: Sokoban/Mines ( 1500 points) Survival: died (score multiplied by 3) Total score: 19881 Latest messages: Status of the vampire lord (chaotic): Level 11 HP 17(53) Def 10. You are now wielding your dagger named Dagger of Fable. t - a +0 crossbow (alternate weapon; not wielded). You stab the vampire lord! You destroy the vampire lord! P - a blessed +0 crossbow bolt (in quiver). You see here a human corpse. You stab the human zombie! The human zombie bumps right into you! You stab the human zombie! (2x) You destroy the human zombie! You destroy the kobold zombie! The cave spider bites! You kill the cave spider! You see here a cave spider corpse. The ettin mummy just misses! The ettin mummy scratches you! You stab the ettin mummy! (2x) The ettin mummy scratches you! The ettin mummy misses. You stab the ettin mummy! (2x) The ettin mummy scratches you! (2x) You begin praying to Camaxtli. The yellow light bumps right into you! The ettin mummy scratches you! You die... Final status: Goodbye woodfighter the Archeologist, killed by an ettin mummy, while praying... You died in The Gnomish Mines on dungeon level 11 with 19881 points, and 273 pieces of gold, after 6900 moves. You were level 9 with a maximum of 60 hit points when you died.